 Dungeon Crawl Stone Soup version 0.28-a0-793-g31680bbd8b (webtiles) character file.

Game seed: 4830378209173754310

37 ytrimaz the Skirmisher (level 3, -1/29 HPs)
             Began as a Demonspawn Fighter on Nov 3, 2021.
             Frozen to death by an endoplasm (2 damage)
             ... on level 2 of the Dungeon.
             The game lasted 00:01:14 (1777 turns).

ytrimaz the Skirmisher (Demonspawn Fighter)         Turns: 1777, Time: 00:01:15

Health: -1/29      AC:  6    Str: 17    XL:     3   Next: 21%
Magic:  3/3        EV:  9    Int:  9    God:
Gold:   42         SH:  4    Dex: 12    Spells: 2/2 levels left

rFire   . . .      SeeInvis .   a - +0 war axe
rCold   . . .      Faith    .   c - +0 buckler
rNeg    . . .      Spirit   .   b - +0 scale mail
rPois   .          Reflect  .   (no helmet)
rElec   .          Harm     .   (no cloak)
rCorr   .          Rampage  .   (no gloves)
Will    .....                   (no boots)
Stlth   ..........              (no amulet)
HPRegen 0.09/turn               (no ring)
MPRegen 0.08/turn               (no ring)

@: no status effects
A: demonic guardian 1
a: no special abilities


You were on level 2 of the Dungeon.
You visited 1 branch of the dungeon, and saw 2 of its levels.

You collected 42 gold pieces.

Inventory:

Hand Weapons
 a - a +0 war axe (weapon)
Armour
 b - a +0 scale mail (worn)
 c - a +0 buckler (worn)
Scrolls
 e - a scroll of fear {unknown}
 i - a scroll of magic mapping {unknown}
 j - a scroll of fog {unknown}
Potions
 d - a potion of might
 f - a potion of brilliance {unknown}
 g - a potion of curing {unknown}
 h - a potion of heal wounds {unknown}


   Skills:
 + Level 3.2 Fighting
 * Level 2.5 Axes
 + Level 3.0 Armour
 * Level 0.7 Dodging
 + Level 2.9 Shields


You had 2 spell levels left.
You didn't know any spells.
Your spell library was empty.

Dungeon Overview and Level Annotations

Branches:
Dungeon (2/15)

Altars:

Shops:
D:2 :


Innate Abilities, Weirdness & Mutations

A weak demonic guardian rushes to your aid.


Message History

The quokka bites you but does no damage.
You closely miss the quokka.
The quokka is almost dead.
The quokka bites you.
* * * LOW HITPOINT WARNING * * *
The quokka bites you but does no damage.
You hit the quokka.
You kill the quokka!
You see here a quokka corpse.
Unknown command.
Found a silvery potion.
You start resting.
An endoplasm comes into view.
An endoplasm is nearby!
An endoplasm comes into view.
The endoplasm quivers. x2
The endoplasm moves out of view.
The endoplasm closely misses you. You block the endoplasm's attack.
The endoplasm freezes you.
You are frozen.
You slash the endoplasm!
You kill the endoplasm!
You hit the endoplasm but do no damage. The endoplasm barely misses you.
The endoplasm freezes you.
You are frozen.
* * * LOW HITPOINT WARNING * * *
A demonic guardian appears!
A goblin comes into view. It is wielding a +0 club.
The goblin shouts!
Unknown command.
You hit the endoplasm but do no damage. The endoplasm freezes you.
You are frozen.
* * * LOW HITPOINT WARNING * * *
You completely miss the endoplasm. You hit the goblin but do no damage.
The endoplasm barely misses you. The goblin hits you but does no damage.
The endoplasm freezes you.
You are frozen.
You die... .### #..## ## .#≈# #...#.P.
P# .###. #...#.# #P# ..... #....P PP.

...!.. #...# #.#
......# #...#...
.......##...#.#.#P#
......5@J.....P...P
####..g##...#.#.#P
#... ##..#
#...###†###########
#...#..............
#...#.#..........#
#...#.#..........(
#...#.##.......# #.
#.......#


You could see an endoplasm (ally target), a goblin and a friendly white imp
(summoned).

Vanquished Creatures
  2 endoplasms
  4 goblins (D:1)
  2 hobgoblins (D:1)
  3 quokkas
  A ball python (D:1)
  4 bats (D:1)
  2 frilled lizards (D:1)
  3 kobolds (D:1)
  3 rats (D:1)
24 creatures vanquished.

Vanquished Creatures (collateral kills)
  An adder (D:2)
1 creature vanquished.

Grand Total: 25 creatures vanquished

Notes
Turn   | Place    | Note
-------+----------+-------------------------------------------
     0 | D:1      | ytrimaz the Demonspawn Fighter began the quest for the Orb.
     0 | D:1      | Reached XP level 1. HP: 18/18 MP: 1/1
   654 | D:1      | Gained mutation: A weak demonic guardian rushes to your
                  | aid. [demonic ancestry]
   654 | D:1      | Reached XP level 2. HP: 22/24 MP: 2/2
  1606 | D:2      | Found Affem's Book Shop.
  1619 | D:2      | Reached XP level 3. HP: 27/29 MP: 3/3
  1776 | D:2      | HP: 1/29 [frozen (4)]
  1777 | D:2      | Frozen to death by an endoplasm

Illustrated notes

Levels and vault maps discovered:
D:1:      amcnicky_arrival_blooded_trapdoor, layout_basic, serial_bayou_ford_a
D:2:      layout_basic, shapermc_ecumenical_altar_mp_urbaneastern, serial_shops,
          shop, feat_on_display

Skill      XL: |  1  2 |
---------------+-------+-----
Axes           | 2 |  2.5
Armour         | 3 |  3.0
Fighting       | |  3.2
Dodging        | |  0.7
Shields        | |  2.9

Action                   || total
-------------------------++-------
Melee: War axe           ||    80
Armor: Scale mail        ||    40
Dodge: Dodged            ||    43
Block: Buckler           ||    15

Table legend: (Time is in decaauts)
 A = Elapsed time spent in this place.
 B = Non-inter-level travel time spent in this place.
 C = Inter-level travel time spent in this place.
 D = Time resting spent in this place.
 E = Time spent auto-exploring this place.
 F = Levels seen in this place.
 G = Mean time per level.
                   A        B        C        D        E       F      G
               +--------+--------+--------+--------+--------+-----+--------+
         Total |   1818 |   1787 |     31 |     24 |   1544 |   2 |  909.0 |
       Dungeon |   1818 |   1787 |     31 |     24 |   1544 |   2 |  909.0 |
               +--------+--------+--------+--------+--------+-----+--------+

Top non-repeatable levels by time:
     D:1: 1621 daAuts
     D:2: 197 daAuts
